 Dungeon Crawl Stone Soup version 0.26.0-5-gb5863c6483 (webtiles) character file.

Game seed: 4354650776811874239

434 Mattiprrivan the Shooter (level 6, 0/31 (36) HPs)
             Began as a Deep Elf Hunter on Jan 10, 2021.
             Slain by Duvessa
             ... wielding a +1 short sword of draining
              (1 damage)
             ... on level 5 of the Dungeon.
             The game lasted 00:43:17 (3290 turns).

Mattiprrivan the Shooter (Deep Elf Hunter)          Turns: 3290, Time: 00:43:19

HP:   0/31 (36)     AC: 11    Str: 10    XL:     6   Next: 67%
MP:   8/8           EV: 13    Int: 16    God:
Gold: 165           SH:  0    Dex: 16    Spells: 5/5 levels left

rFire    . . .     SeeInvis +   a - +1 shortbow
rCold    . . .     Faith    .   (shield currently unavailable)
rNeg     . . .     Spirit   .   c - +2 leather armour
rPois    .         Reflect  .   q - +0 helmet
rElec    .         Harm     .   (no cloak)
rCorr    .         Rampage  .   (no gloves)
Will     .....                  l - +0 pair of boots
Stlth    ++........             (no amulet)
HPRegen  0.10/turn              i - +4 ring of protection
MPRegen  0.11/turn              f - ring of see invisible

@: heavily drained
A: no striking features
a: no special abilities


You were on level 5 of the Dungeon.
You visited 1 branch of the dungeon, and saw 7 of its levels.

You collected 165 gold pieces.

Inventory:

Hand Weapons
 a - a +1 shortbow (weapon)
 b - a +0 short sword
 h - a +0 long sword
Missiles
 d - 4 arrows (quivered ammo)
 e - 33 poisoned darts
 k - 7 boomerangs
Armour
 c - a +2 leather armour (worn)
 l - a +0 pair of boots (worn)
 q - a +0 helmet (worn)
Jewellery
 f - a ring of see invisible (right hand)
 i - a +4 ring of protection (left hand)
 o - an uncursed ring of fire
Wands
 g - a wand of random effects (14)
 n - a wand of iceblast (1)
Scrolls
 m - 2 scrolls of remove curse
 p - a scroll of immolation


   Skills:
 * Level 2.3 Fighting
 * Level 1.5(1.9) Short Blades
 * Level 1.3(1.6) Long Blades
 * Level 7.6 Bows
 * Level 2.0 Throwing
 * Level 1.3 Armour
 * Level 3.2 Dodging
 * Level 3.0 Stealth
 * Level 1.0 Evocations


You had 5 spell levels left.
You didn't know any spells.
Your spell library was empty.

Dungeon Overview and Level Annotations

Branches:
Dungeon (7/15)
 Temple: D:4-7

Altars:
Yredelemnul

Annotations:
D:5 Duvessa


Message History

An iguana comes into view.
Okay, then.
You aren't carrying any potions.
Fire: 6 arrows
Press: ? - help, Q - select action, (/) - cycle Shift-Dir - straight line, f/p - Duvessa
Aim: Duvessa, wielding a +1 short sword of draining and wearing a +0 leather armour (almost dead, berserk)
You shoot an arrow. The arrow hits Duvessa!
Duvessa is almost dead.
Duvessa closely misses you.
Fire: 5 arrows
Press: ? - help, Q - select action, (/) - cycle Shift-Dir - straight line, f/p - Duvessa
Aim: Duvessa, wielding a +1 short sword of draining and wearing a +0 leather armour (almost dead, berserk)
You shoot an arrow. The arrow barely misses Duvessa.
The arrow closely misses the orc.
The arrow hits the iguana!
The iguana is heavily wounded.
Duvessa hits you with a +1 short sword of draining.
* * * LOW HITPOINT WARNING * * *
You feel drained.
You die...

... #..........#
#>..#$.........#
.l.#.((......##
#....?...^...##
#.#o..........#
##....$........#
...........<...#
...#..e.......#
#.(W@......#
##........##
##......##
######## # .


You could see a phantom, Duvessa (berserk), an iguana and an orc.

Vanquished Creatures
  An ogre (D:4)
  Dowan (D:5)
  A killer bee (D:3)
  A jelly (D:5)
  Terence (D:3)
  A worker ant (D:4)
  Robin (D:3)
  6 adders
  2 oozes
  An adder skeleton (D:4)
  A worm (D:3)
  4 dart slugs
  4 leopard geckos
  5 orcs (D:3)
  7 bats
  4 giant cockroaches
  18 goblins
  9 hobgoblins
  2 jackals (D:7)
  A quokka (D:2)
  A ball python (D:2)
  5 frilled lizards
  6 kobolds
  8 rats
  A spectral orc (D:2)
92 creatures vanquished.

Notes
Turn   | Place    | Note
-------+----------+-------------------------------------------
     0 | D:1      | Mattiprrivan the Deep Elf Hunter began the quest for the
                  | Orb.
     0 | D:1      | Reached XP level 1. HP: 12/12 MP: 3/3
   187 | D:1      | Reached XP level 2. HP: 16/16 MP: 4/4
  1035 | D:2      | Reached XP level 3. HP: 21/21 MP: 5/5
  1076 | D:2      | Reached skill level 6 in Bows
  1342 | D:2      | Reached skill level 1 in Throwing
  1342 | D:2      | Reached XP level 4. HP: 26/26 MP: 6/6
  1439 | D:2      | Found a basalt altar of Yredelemnul.
  1880 | D:3      | Noticed Robin
  1936 | D:3      | Noticed Terence
  1948 | D:3      | Killed Terence
  1987 | D:3      | Reached skill level 1 in Short Blades
  1987 | D:3      | Reached XP level 5. HP: 30/30 MP: 7/7
  2021 | D:3      | Killed Robin
  2022 | D:3      | Reached skill level 7 in Bows
  2386 | D:3      | Reached skill level 1 in Armour
  2560 | D:3      | Reached skill level 1 in Long Blades
  2828 | D:4      | Noticed an ogre
  2834 | D:4      | Killed an ogre
  2835 | D:4      | Reached XP level 6. HP: 35/35 MP: 8/8
  2938 | D:4      | You fall into a shaft and drop 3 floors!
  2945 | D:7      | Noticed an orc warrior
  2977 | D:5      | Entered Level 5 of the Dungeon
  3278 | D:5      | Noticed Dowan
  3281 | D:5      | Killed Dowan
  3281 | D:5      | Noticed Duvessa
  3282 | D:5      | Reached skill level 1 in Evocations
  3290 | D:5      | HP: 1/32 [Duvessa/+1 short sword of draining (4)]
  3290 | D:5      | Slain by Duvessa

Illustrated notes

Levels and vault maps discovered:
D:1:      minmay_arrival_hallway, layout_loops_ring
D:2:      layout_loops_cross, yredelemnul_forgotten_temple_becter
D:3:      layout_rooms, st_stairs_4, minmay_increasing_density, uniq_robin,
          uniq_terence
D:4:      layout_basic
D:5:      layout_rooms, serial_shops, nicolae_shop_statue_plus,
          chequers_serial_rivers_micro_a, guppyfry_early_orc_mine, uniq_duvessa
D:6:      layout_loops_corners, nicolae_ru_path_of_blood, uniq_eustachio,
          uniq_grinder
D:7:      layout_cave_pods, temple_statues, serial_shops, shop_statue

Skill      XL: |  1  2  3  4  5  6 |
---------------+-------------------+-----
Bows           | 6 7 |  7.6
Throwing       | 1 2 |  2.0
Stealth        | 2 3 |  3.0
Fighting       | 2 |  2.3
Short Blades   | 1 |  1.5
Armour         | 1 |  1.3
Dodging        | 3 |  3.2
Long Blades    | 1 |  1.3
Evocations     | 1 |  1.0

Action                   |  1- 3 |  4- 6 || total
-------------------------+-------+-------++-------
Melee: Short sword       |    19 |     7 ||    26
 Fire: Shortbow          |    65 |   157 ||   222
Throw: Dart              |       |    29 ||    29
Evoke: Wand              |       |    21 ||    21
  Use: Scroll            |     8 |     8 ||    16
       Potion            |     3 |     5 ||     8
Armor: Leather armour    |     7 |    35 ||    42
Dodge: Dodged            |    13 |    90 ||   103
